 Dungeon Crawl Stone Soup version 0.28.0-53-g5a82cb258f (webtiles) character file.

Game seed: 17676425643324871740

8860 kudzoo the Cleaver (level 11, -9/104 HPs)
             Began as a Hill Orc Fighter on Aug 2, 2022.
             Was a Follower of Beogh.
             Mangled by an ice devil (10 damage)
             ... on level 10 of the Dungeon.
             The game lasted 01:57:46 (13137 turns).

kudzoo the Cleaver (Hill Orc Fighter)              Turns: 13137, Time: 01:57:46

Health: -9/104     AC: 17    Str: 22    XL:     11   Next: 37%
Magic:  11/11      EV:  7    Int:  8    God:    Beogh [*.....]
Gold:   344        SH:  5    Dex: 12    Spells: 10/10 levels left

rFire   + + +      SeeInvis .   a - +0 war axe (freeze)
rCold   + . .      Faith    .   c - +0 buckler
rNeg    . . .      Spirit   .   l - +0 plate armour
rPois   +          Reflect  .   e - +0 helmet
rElec   +          Harm     .   F - +0 cloak
rCorr   +          Rampage  .   (no gloves)
Will    .....                   (no boots)
Stlth   ..........              (no amulet)
HPRegen 0.27/turn               q - ring of protection from fire
MPRegen 0.12/turn               U - ring of protection from fire

@: mighty, resistant
A: no striking features
a: Renounce Religion


You were on level 10 of the Dungeon.
You worshipped Beogh.
Beogh was aware of your devotion.
You visited 2 branches of the dungeon, and saw 12 of its levels.
You also visited: Sewer and Bailey.

You collected 344 gold pieces.

Inventory:

Hand Weapons
 a - a +0 war axe of freezing (weapon)
 g - a +0 mace of draining
 h - the +3 Elemental Staff {rElec rF++ rC++ AC+5}
   (You took it off a deep elf pyromancer on level 10 of the Dungeon)

   If the wielder is skilled in Evocations, they can discharge powerful blasts
   of elemental energy when striking with it.
   It enhances your fire, ice, earth and air magic.
   AC:        It affects your AC (+5).
   rF:        It greatly protects you from fire.
   rC:        It greatly protects you from cold.
   rElec:     It insulates you from electricity.
 n - a +2 whip of electrocution
 E - a +4 dagger of flaming
 K - a +4 short sword of freezing
 P - a +0 hunting sling
 Z - a +0 longbow
Missiles
 i - 261 stones
 p - 95 bolts
 r - 106 sling bullets
 t - 5 boomerangs (quivered)
 z - 176 arrows
 N - 3 throwing nets
 O - 8 poisoned darts
 Y - 5 atropa-tipped darts
Armour
 b - a +0 scale mail
 c - a +0 buckler (worn)
 e - a +0 helmet (worn)
 l - a +0 plate armour (worn)
 A - a +2 robe
 B - +0 steam dragon scales
 F - a +0 cloak (worn)
Jewellery
 q - a ring of protection from fire (left hand)
 U - a ring of protection from fire (right hand)
Wands
 s - a wand of polymorph (10)
 C - a wand of mindburst (13)
 H - a wand of acid (11)
Scrolls
 o - a scroll of fog
 u - a scroll of fear {unknown}
 y - a scroll of blinking
 D - a scroll of silence {unknown}
 I - a scroll of enchant armour {unknown}
 R - a scroll of amnesia {unknown}
Potions
 f - a potion of cancellation {unknown}
 j - 2 potions of flight
 k - 3 potions of curing
 m - 2 potions of lignification {unknown}
 v - a potion of haste {unknown}
 w - 2 potions of resistance
 x - 2 potions of attraction
 G - a potion of magic {unknown}
 M - a potion of degeneration
 T - a potion of ambrosia


   Skills:
 * Level 11.7 Fighting
 + Level 13.6 Axes
 + Level 2.4 Throwing
 + Level 10.2 Armour
 + Level 0.5 Dodging
 + Level 0.9 Stealth
 + Level 5.7 Shields
 * Level 1.0 Invocations


You had 10 spell levels left.
You didn't know any spells.
Your spell library contained the following spells:

 Spells                   Type           Power      Damage    Failure   Level
 Sandblast                Erth           0%         2d4       100%        1
 Slow                     Hex            0%         N/A       100%        1
 Summon Small Mammal      Summ           0%         N/A       100%        1
 Passwall                 Tmut/Erth      0%         N/A       100%        2
 Call Canine Familiar     Summ           0%         N/A       100%        3
 Confusing Touch          Hex            0%         N/A       100%        3
 Stone Arrow              Conj/Erth      0%         3d7       100%        3
 Summon Guardian Golem    Hex/Summ       0%         N/A       100%        3
 Vampiric Draining        Necr           0%         2d6       100%        3
 Freezing Cloud           Conj/Ice/Air   0%         6-21      100%        5
 Conjure Ball Lightning   Conj/Air       0%         3x3d6     100%        6
 Simulacrum               Ice/Necr       0%         N/A       100%        6
 Malign Gateway           Summ/Tloc      0%         N/A       100%        7
 Discord                  Hex            0%         N/A       100%        8
 Disjunction              Tloc           0%         N/A       100%        8
 Summon Horrible Things   Summ           0%         N/A       100%        8
 Polar Vortex             Ice            0%         N/A       100%        9


Dungeon Overview and Level Annotations

Branches:
Dungeon (10/15)              Lair (2/6) D:8           Sewer (visited)
 Bailey (visited)
 Temple: D:4-7        Swamp: Lair:2-4    Shoals: Lair:2-4     Snake: Lair:2-4
 Spider: Lair:2-4       Orc: D:9-12

Altars:
Ashenzari
Elyvilon
Hepliaklqana
Kikubaaqudgha
Makhleb
Sif Muna
Uskayaw
Wu Jian
Zin

Shops:
D:2 =   D:7 (

Annotations:
D:6 death yak
D:7 Maggie
D:9 Erica


Message History

The ice devil is lightly wounded.
The ice devil hits you but does no damage.
You closely miss the ice devil.
The ice devil is lightly wounded.
The ice devil hits you but does no damage.
You slash the ice devil!
The ice devil is moderately wounded.
The ice devil hits you but does no damage.
You slash the ice devil!
The ice devil is heavily wounded.
The ice devil hits you! The ice devil freezes you!
You hit the ice devil but do no damage.
The ice devil is heavily wounded.
The ice devil hits you! The ice devil freezes you!
You hit the ice devil.
The ice devil is heavily wounded.
The ice devil hits you! The ice devil freezes you!
You hit the ice devil but do no damage.
The ice devil is heavily wounded.
You barely miss the ice devil.
The ice devil is heavily wounded.
You block the ice devil's attack.
You hit the ice devil.
The ice devil is severely wounded.
The ice devil hits you! The ice devil freezes you!!
* * * LOW HITPOINT WARNING * * *
You feel protected.
The ice devil hits you but does no damage.
You feel very mighty all of a sudden. The ice devil hits you.
* * * LOW HITPOINT WARNING * * *
The ice devil freezes you! You resist.
* * * LOW HITPOINT WARNING * * *
You closely miss the ice devil.
The ice devil is severely wounded.
The ice devil hits you but does no damage.
You closely miss the ice devil.
The ice devil is severely wounded.
The ice devil hits you!
You die...

#.## #####.## ###
#.....#≈ ##.##
##....≈≈ #+...+#
#≈##...≈≈ ##.....##
#≈≈≈##..≈≈
#.......##≈≈○≈≈##.≈≈
#...†.####≈≈≈# #.#≈
#4@..'#..##≈# #.##
##....##.##....##
#.## ##....
###.....#### #.#
##.. ##....##..# #.#
+#. #.##..#'...###[#
# #...####........#
#..§..###+########
.##...# ..##.#


You could see an ice devil.

Vanquished Creatures
  Harold (D:8)
  A deep elf pyromancer (D:10)
  An orc knight (Bailey)
  Joseph (D:7)
  2 black mambas
  Grinder (D:3)
  3 wyverns
  2 yaks (D:8)
  A wraith (D:10)
  4 steam dragons
  2 swamp worms (Lair:1)
  6 water moccasins
  3 ice beasts
  A sky beast (D:5)
  An orc warrior (Bailey)
  A necrophage (D:5)
  4 ogres
  3 centaurs
  5 wolves (Lair:1)
  2 kobold brigands (D:8)
  A phantom (D:6)
  A wyvern zombie (D:8)
  3 bullfrogs
  A gnoll sergeant (D:7)
  A water moccasin zombie (D:5)
  4 scorpions
  A water moccasin skeleton (D:6)
  A killer bee (D:8)
  9 wights
  5 electric eels (Lair:1)
  4 howler monkeys (D:9)
  A centaur zombie (D:9)
  An orc priest (D:8)
  2 gnoll shamans
  2 hounds
  3 iguanas
  3 iron imps (D:8)
  Jessica (D:3)
  4 orc wizards
  A hound zombie (D:5)
  Robin (D:3)
  17 gnolls
  15 adders
  2 ufetubi
  A worm (D:2)
  A dart slug (D:3)
  15 orcs
  14 bats
  9 endoplasms
  5 giant cockroaches
  18 goblins
  9 hobgoblins
  7 jackals
  5 quokkas
  4 ball pythons
  5 frilled lizards
  7 kobolds
  8 rats
237 creatures vanquished.

Vanquished Creatures (others)
  An orc (D:8)
  6 fungi
  72 plants
79 creatures vanquished.

Grand Total: 316 creatures vanquished

Notes
Turn   | Place    | Note
-------+----------+-------------------------------------------
     0 | D:1      | kudzoo the Hill Orc Fighter began the quest for the Orb.
     0 | D:1      | Reached XP level 1. HP: 19/19 MP: 1/1
   132 | D:1      | Reached XP level 2. HP: 25/27 MP: 2/2
   210 | D:1      | Reached skill level 3 in Axes
   245 | D:1      | Reached XP level 3. HP: 34/34 MP: 3/3
  1092 | D:2      | Found Weheogis's Jewellery Shop.
  1467 | D:2      | Reached XP level 4. HP: 39/41 MP: 4/4
  1712 | D:3      | Reached skill level 4 in Axes
  1747 | D:3      | Noticed Jessica
  1776 | D:3      | Reached XP level 5. HP: 40/47 MP: 5/5
  2020 | D:3      | Noticed Grinder
  2022 | D:3      | Paralysed by Grinder for 2 turns
  2430 | D:4      | Noticed an ogre
  2442 | D:4      | Killed an ogre
  2443 | D:4      | Reached skill level 5 in Fighting
  2443 | D:4      | Reached skill level 5 in Axes
  2443 | D:4      | Reached XP level 6. HP: 14/56 MP: 6/6
  2694 | D:4      | Noticed a steam dragon
  2710 | D:4      | Killed a steam dragon
  2711 | D:4      | Reached skill level 6 in Axes
  2855 | D:4      | Found an ornate altar of the Wu Jian Council.
  3044 | D:5      | Entered Level 5 of the Dungeon
  3152 | D:5      | Found a shimmering blue altar of Sif Muna.
  3196 | D:5      | Found a glowing drain.
  3219 | Sewer    | Entered a sewer
  3231 | Sewer    | Reached XP level 7. HP: 61/61 MP: 7/7
  3483 | D:5      | Reached skill level 7 in Axes
  3483 | D:5      | Reached skill level 1 in Throwing
  3645 | D:5      | Reached skill level 5 in Armour
  3809 | D:5      | Reached XP level 8. HP: 59/71 MP: 8/8
  3813 | D:5      | Reached skill level 8 in Axes
  4015 | D:5      | Found a broken altar of Ashenzari.
  4473 | D:6      | Reached skill level 9 in Axes
  4837 | D:6      | Found a hazy altar of Hepliaklqana.
  4893 | D:6      | Found a white marble altar of Elyvilon.
  4910 | D:6      | Reached XP level 9. HP: 63/81 MP: 9/9
  5243 | D:5      | Reached skill level 10 in Axes
  5531 | D:3      | Killed Jessica
  5547 | D:3      | Noticed Robin
  5555 | D:3      | Killed Robin
  5917 | D:3      | Killed Grinder
  6007 | D:6      | Found a glowing silver altar of Zin.
  6018 | D:6      | Found a hide-covered altar of Uskayaw.
  6038 | D:6      | Reached skill level 5 in Shields
  6341 | D:7      | Found Viakas's Antique Weapon Shoppe.
  6400 | D:7      | Reached skill level 11 in Axes
  6609 | D:7      | Noticed Joseph
  6614 | D:7      | Noticed Maggie
  7370 | D:8      | Reached XP level 10. HP: 45/91 MP: 10/10
  7681 | D:8      | Became a worshipper of Beogh the Brigand
  7703 | D:8      | Found a burning altar of Makhleb.
  7765 | D:8      | Noticed a death yak
  7958 | D:7      | Killed Joseph
  9138 | D:8      | Found an ancient bone altar of Kikubaaqudgha.
  9170 | D:8      | Reached skill level 10 in Fighting
  9170 | D:8      | Reached skill level 12 in Axes
  9400 | D:8      | Noticed Harold
  9411 | D:8      | Found a staircase to the Lair.
  9411 | D:8      | Noticed a death yak
  9412 | D:8      | Noticed a death yak
  9416 | Lair:1   | Entered Level 1 of the Lair of Beasts
  9435 | Lair:1   | Reached * piety under Beogh
 10726 | Lair:1   | Noticed a black mamba
 10737 | Lair:1   | Killed a black mamba
 11007 | Lair:2   | Noticed a cane toad
 11007 | Lair:2   | Noticed a cane toad
 11331 | Lair:2   | Noticed a black mamba
 11336 | Lair:2   | Killed a black mamba
 11337 | Lair:2   | Reached skill level 13 in Axes
 12118 | D:8      | Killed Harold
 12119 | D:8      | Reached XP level 11. HP: 83/102 MP: 11/11
 12362 | D:9      | Reached skill level 10 in Armour
 12491 | D:9      | Found a flagged portal.
 12508 | Bailey   | Entered a bailey
 12702 | Bailey   | Noticed an orc knight
 12724 | Bailey   | Killed an orc knight
 12853 | D:9      | Noticed Erica
 12857 | D:9      | Noticed a two-headed ogre
 12858 | D:10     | Entered Level 10 of the Dungeon
 13073 | D:10     | Noticed a deep elf pyromancer
 13082 | D:10     | Killed a deep elf pyromancer
 13083 | D:10     | Reached skill level 1 in Invocations
 13135 | D:10     | HP: 1/104 [ice devil (11)]
 13137 | D:10     | Mangled by an ice devil

Illustrated notes

Levels and vault maps discovered:
D:1:      dpeg_arrival_tiny_i, layout_loops_ring
D:2:      cheibrodos_helix_gallery, layout_basic, serial_shops, shop_statue,
          st_stairs_12, hangedman_decor_clover_reticule, eino_tiny_chamber
D:3:      layout_basic, uniq_jessica, uniq_robin, uniq_grinder
D:4:      layout_gridville, mainiacjoe_overflow_boulevard
D:5:      old_forge, layout_loops_corners, mainiacjoe_overflow_small_starburst,
          mainiacjoe_overflow_paths, gup_sewer_entry_glass, grunt_ministairs_7
D:6:      layout_loops_corners, nicolae_uskayaw_dance_hall,
          mainiacjoe_overflow_surrounded_room, lemuel_crystal_altar,
          mainiacjoe_overflow_catwalk, hangedman_decor_push,
          kennysheep_pointless_box
D:7:      layout_rooms, tgw_xom, lemuel_temple_firewalk_b, serial_shops, shop,
          uniq_joseph, uniq_maggie
D:8:      kennysheep_ambush_hall, layout_basic,
          mainiacjoe_overflow_concentric_impassable, demons_altar,
          dpeg_lair_monsters, st_stairs_10, uniq_harold
D:9:      layout_gridville, dk_yredelemnul_ordeal, orc_0_dummy, enter_bailey_5,
          uniq_erica
D:10:     layout_basic, special_room [special_room_orc],
          dilly_guarded_unrand_elemental_staff, uniq_nergalle
Lair:1:   layout_gridlike, serial_bayou, serial_bayou_shore_a,
          serial_bayou_pond_a, serial_bayou_lake_a, serial_bayou_pond_e,
          serial_bayou_lagoon_a, serial_bayou_crossing, worms_lemuel
Lair:2:   layout_regular_city, spider_nest_entry_web_field,
          ebering_ghost_disaster_area, hellmonk_guarded_unrand_zhor

Skill      XL: |  1  2  3  4  5  6  7  8  9 10 11 |
---------------+----------------------------------+-----
Fighting       | 4 5 6 7 9 11 | 11.7
Axes           | 3 4 5 6 7 9 11 13 | 13.6
Armour         | 4 5 6 7 9 10 | 10.2
Shields        | 4 5 |  5.7
Throwing       | 1 2 |  2.4
Invocations    | 1 |  1.0
Dodging        | |  0.5
Stealth        | |  0.9

Action                   |  1- 3 |  4- 6 |  7- 9 | 10-12 || total
-------------------------+-------+-------+-------+-------++-------
Melee: War axe           |   119 |   119 |   317 |   288 ||   843
Throw: Boomerang         |       |     7 |    20 |     9 ||    36
Invok: Convert to Beogh  |       |       |       |     1 ||     1
  Use: Potion            |       |     2 |     1 |     8 ||    11
       Scroll            |       |     2 |     1 |     6 ||     9
 Stab: Held in net/web   |       |       |     2 |       ||     2
Armor: Scale mail        |    20 |       |       |       ||    20
       Plate armour      |    35 |    87 |   182 |   181 ||   485
Dodge: Dodged            |    38 |    28 |    68 |    69 ||   203
Block: Buckler           |    24 |    28 |    69 |    53 ||   174
